 Dungeon Crawl Stone Soup version 0.31-a0-845-g9abc20d24f (webtiles) character file.

Game seed: 4582581047790416872

18912 retardedninja the Arsonist (level 12, -3/59 HPs)
             Began as a Gargoyle Fire Elementalist on Sept 29, 2023.
             Was an Elder of Vehumet.
             Slain by a cane toad (15 damage)
             ... on level 2 of the Lair of Beasts on Oct 2, 2023.
             The game lasted 00:32:11 (19706 turns).

retardedninja the Arsonist (GrFE)                  Turns: 19706, Time: 00:32:12

Health: -3/59      AC: 13    Str: 11    XL:     12   Next: 63%
Magic:  31/33      EV: 14    Int: 22    God:    Vehumet [****..]
Gold:   527        SH:  5    Dex: 12    Spells: 17/27 levels left

rFire   + . .        a - +8 morningstar of Filigreed Fortitude {flame, rF+ Dex+2}
rCold   . . .        (no shield)
rNeg    + . .        G - +0 robe
rPois   ∞            q - +0 helmet
rElec   +            o - +0 cloak
rCorr   .            h - +0 pair of gloves
SInv    .            (no boots)
Will    .....        m - amulet of reflection
Stlth   ++++         e - ring of magical power
HPRegen 0.29/turn    v - ring of wizardry
MPRegen 0.23/turn

%: reflection, wizardry (x1)
@: invisible
A: sickness immunity, AC +8, negative energy resistance 1, electricity
resistance, torment resistance 1, petrification resistance
a: Renounce Religion


You were on level 2 of the Lair of Beasts.
You worshipped Vehumet.
Vehumet was greatly pleased with you.
You visited 3 branches of the dungeon, and saw 14 of its levels.
You also visited: Sewer, Ossuary and Bailey.

You collected 947 gold pieces.
You spent 420 gold pieces at shops.

Inventory:

Hand Weapons
 a - the +8 morningstar of Filigreed Fortitude (weapon) {flame, rF+ Dex+2}
   (You found it on level 5 of the Dungeon)

   Dex+2:     It affects your dexterity (+2).
   rF+:       It protects you from fire.
Missiles
 C - a throwing net
Armour
 h - a +0 pair of gloves (worn)
 o - a +0 cloak (worn)
 q - a +0 helmet (worn)
 G - a +0 robe (worn)
Jewellery
 e - a ring of magical power (left hand)
 m - an amulet of reflection (around neck)
 v - a ring of wizardry (right hand)
Wands
 k - a wand of polymorph (16)
 y - a wand of flame (42)
Scrolls
 f - 8 scrolls of teleportation
 g - 2 scrolls of poison
 l - a scroll of amnesia {unknown}
 n - 3 scrolls of fog
 r - 2 scrolls of noise {unknown}
 x - a scroll of immolation
 z - a scroll of vulnerability {unknown}
 F - 2 scrolls of enchant weapon {unknown}
 K - a scroll of torment {unknown}
Potions
 b - 2 potions of magic
 c - 4 potions of mutation
 d - 3 potions of cancellation
 i - a potion of lignification {unknown}
 j - 3 potions of haste
 p - 6 potions of curing
 s - 2 potions of degeneration
 t - 2 potions of invisibility
 u - 2 potions of brilliance {unknown}
 w - a potion of ambrosia {unknown}
 D - 4 potions of enlightenment
 H - a potion of might {unknown}


   Skills:
 + Level 7.5 Dodging
 + Level 10.6 Stealth
 + Level 8.1 Spellcasting
 + Level 9.4 Conjurations
 * Level 11.7 Fire Magic


You had 17 spell levels left.
You knew the following spells:

 Your Spells              Type           Power      Damage    Failure   Level
a - Foxfire               Conj/Fire      100%       2x1d9     1%          1
b - Scorch                Fire           100%       2d9       1%          2
c - Flame Wave            Conj/Fire      54%        2d13      1%          4
d - Inner Flame           Hex/Fire       34%        N/A       1%          3

Your spell library contained the following spells:

 Spells                   Type           Power      Damage    Failure   Level
 Iskenderun's Mystic Bla  Conj/Tloc      29%        2d7       1%          4
 Freeze                   Ice            32%        1d5       1%          1
 Kiss of Death            Conj/Necr      100%       2d13      1%          1
 Dazzling Flash           Conj/Hex       58%        N/A       1%          3
 Hailstorm                Conj/Ice       29%        3d8       1%          3
 Volatile Blastmotes      Fire/Tloc      68%        2d15      1%          3
 Sticky Flame             Conj/Fire      54%        2d7       1%          4
 Frozen Ramparts          Ice            16%        1d3       2%          3
 Apportation              Tloc           16%        N/A       3%          1
 Necrotise                Necr           32%        1d5       3%          1
 Slow                     Hex            32%        N/A       3%          1
 Summon Small Mammal      Summ           32%        N/A       3%          1
 Confusing Touch          Hex            8%         N/A       9%          3
 Gell's Gravitas          Tloc           8%         N/A       9%          3
 Sigil of Binding         Hex            8%         N/A       9%          3
 Summon Guardian Golem    Hex/Summ       8%         N/A       9%          3
 Teleport Other           Tloc           8%         N/A       9%          3
 Vampiric Draining        Necr           8%         2d6       9%          3
 Orb of Destruction       Conj           25%        9d9       13%         7
 Dispel Undead            Necr           8%         3d8       28%         4
 Petrify                  Tmut/Erth      8%         N/A       28%         4
 Agony                    Necr           8%         N/A       58%         5
 Metabolic Englaciation   Hex/Ice        4%         N/A       58%         5
 Silence                  Hex/Air        4%         N/A       58%         5
 Spellforged Servitor     Conj/Summ      14%        N/A       58%         7
 Dispersal                Tloc           4%         N/A       98%         6


Dungeon Overview and Level Annotations

Branches:
Dungeon (11/15)            Temple (1/1) D:4            Lair (2/5) D:11
 Spider (0/4) Lair:2          Orc (0/2) D:10          Sewer (visited)
Ossuary (visited)          Bailey (visited)
  Swamp: Lair:2-3    Shoals: Lair:2-3

Altars:
Ashenzari
Cheibriados
Dithmenos
Elyvilon
Fedhas
Gozag
Hepliaklqana
Kikubaaqudgha
Makhleb
Nemelex Xobeh
Okawaru
Qazlal
Ru
Sif Muna
Trog
Uskayaw
Vehumet
Wu Jian
Xom
Yredelemnul
Zin
The Shining One

Shops:
D:2 !   D:10 =

Portals:
Trove: D:10 (give 12 potions of heal wounds)

Annotations:
D:3 2 transporters, HKK101's ghost, weakling DrMo


Innate Abilities, Weirdness & Mutations

You are immune to sickness and miasma.
Your stone body is resilient. (AC +8)
You are immune to poison.
You resist negative energy. (rN+)
You are resistant to electric shocks. (rElec)
You are resistant to unholy torment.
You are immune to petrification.


Message History

Vehumet accepts your kill.
You conjure some foxfire!
Your foxfire dissipates!
Your foxfire dissipates! x2
There is an escape hatch in the floor here.
Key pressed, stopping explore.
Key pressed, stopping explore.
Key pressed, stopping explore.
Key pressed, stopping explore.
Key pressed, stopping explore.
A cane toad comes into view.
A cane toad is nearby!
A cane toad is nearby!
You conjure some foxfire!
The foxfire hits the cane toad!
The cane toad is lightly wounded.
The cane toad gives a loud, deep croak!
The foxfire hits the cane toad.
The cane toad is moderately wounded.
You conjure some foxfire!
A centaur comes into view. It is wielding a staff of air.
The foxfire hits the cane toad!
The cane toad is heavily wounded.
The foxfire hits the cane toad.
The cane toad is heavily wounded.
The cane toad completely misses you.
You conjure some foxfire!
The cane toad stings you.
The foxfire hits the centaur.
The centaur is lightly wounded.
The foxfire hits the cane toad.
The cane toad is severely wounded.
The centaur wields a +0 orcbow.
The centaur shoots an arrow.
The arrow misses you. The cane toad stings you!!
You are too injured to fight recklessly!
The centaur shoots an arrow.
The arrow hits you! The cane toad stings you!
The centaur shoots an arrow.
The arrow hits you!
* * * LOW HITPOINT WARNING * * *
You fade into invisibility!
The cane toad stings you!
You die...

#P...).#.#....
#.....###..... ##....#
##.... #.....# #..... #
##....# ##.... #.
#####P....# ##.... ##..
#.........###.....
#....#..........###....
#..@........###P....
#.F.......<.####....
#.c#####....#P##....
...## #............
.... #............ ....
#............ ...
#P............. ...
##P....###..... ##....#
##....


You could see a cane toad (unable to see you) and a centaur (unable to see you).

Vanquished Creatures
  A boulder beetle (D:11)
  A two-headed ogre (D:11)
  A pharaoh ant (Lair:2)
  An ugly thing (D:10)
  A cane toad (Lair:2)
  An unseen horror (D:10)
  3 kobold demonologists (D:9)
  3 komodo dragons (Lair:1)
  A rime drake (Lair:1)
  A freezing wraith (D:11)
  Prince Ribbit (Lair:1)
  A hornet (D:9)
  2 trolls
  4 blink frogs (Lair:1)
  2 jumping spiders (Lair:2)
  2 shadows (D:11)
  Sigmund (D:2)
  2 wraiths
  5 wyverns
  Eustachio (D:5)
  12 yaks
  2 basilisks
  A steam dragon (D:7)
  A redback (Lair:2)
  An acid dragon (D:9)
  11 water moccasins
  Duvessa (D:6)
  12 orc warriors
  A sky beast (D:7)
  2 black bears
  3 ogres
  3 ice beasts
  9 wolves
  2 centaurs
  A phantom (D:5)
  14 kobold brigands
  10 gnoll sergeants
  4 bullfrogs
  A water moccasin zombie (Ossuary)
  A scorpion (D:4)
  13 wights
  Dowan (D:6)
  5 killer bees (D:9)
  An electric eel (D:9)
  3 howler monkeys (D:10)
  A lava snake (D:9)
  3 hounds
  3 orc priests
  A gnoll bouda (D:4)
  2 jellies (D:8)
  7 iguanas
  9 orc wizards
  2 mummies (Ossuary)
  14 gnolls
  7 river rats
  9 adders
  A shadow imp (D:6)
  2 white imps
  2 ufetubi
  2 adder zombies (Ossuary)
  3 worms
  2 dart slugs
  38 orcs
  7 ball pythons
  3 bats
  8 endoplasms
  4 giant cockroaches
  13 goblins
  7 hobgoblins
  7 jackals
  47 kobolds
  5 quokkas
  3 frilled lizards
  5 gnoll zombies (Ossuary)
  7 hobgoblin zombies (Ossuary)
  5 kobold zombies (Ossuary)
  3 orc zombies (Ossuary)
  5 rats
387 creatures vanquished.

Vanquished Creatures (collateral kills)
  11 foxfires
11 creatures vanquished.

Vanquished Creatures (others)
  975 foxfires
975 creatures vanquished.

Grand Total: 1373 creatures vanquished

Notes
Turn   | Place    | Note
-------+----------+-------------------------------------------
     0 | D:1      | retardedninja the Gargoyle Fire Elementalist began the
                  | quest for the Orb.
     0 | D:1      | Reached XP level 1. HP: 10/10 MP: 3/3
   192 | D:1      | Reached XP level 2. HP: 15/15 MP: 0/5
   417 | D:1      | Learned a level 2 spell: Scorch
   493 | D:1      | Reached XP level 3. HP: 17/19 MP: 2/6
  1364 | D:2      | Reached XP level 4. HP: 24/24 MP: 2/7
  1423 | D:2      | Found Jycemuac's Distillery.
  1793 | D:2      | Noticed Sigmund
  1796 | D:2      | Killed Sigmund
  1797 | D:2      | Reached XP level 5. HP: 28/28 MP: 1/9
  2112 | D:2      | Reached XP level 6. HP: 32/32 MP: 8/10
  2245 | D:2      | Found a burning altar of Makhleb.
  2795 | D:3      | Found a glowing drain.
  2800 | Sewer    | Entered a sewer
  2848 | Sewer    | Reached skill level 4 in Fire Magic
  3941 | D:3      | Found a transporter.
  3941 | D:3      | Noticed HKK101's ghost (weakling DrMo)
  4165 | D:3      | Found a transporter.
  5121 | D:4      | Reached XP level 7. HP: 36/36 MP: 1/12
  5428 | D:4      | Found a white marble altar of Elyvilon.
  5551 | D:4      | Found a staircase to the Ecumenical Temple.
  5672 | Temple   | Entered the Ecumenical Temple
  5718 | Temple   | Became a worshipper of Vehumet
  5835 | D:5      | Entered Level 5 of the Dungeon
  5839 | D:5      | Noticed Eustachio
  5880 | D:5      | Killed Eustachio
  6977 | D:5      | Identified the +8 morningstar of Filigreed Fortitude
                  | {flame, rF+ Dex+2}
  7094 | D:5      | Reached skill level 5 in Stealth
  7094 | D:5      | Reached XP level 8. HP: 21/41 MP: 14/14
  7121 | D:5      | Reached skill level 5 in Fire Magic
  8099 | D:6      | Found an iron altar of Okawaru.
  8112 | D:6      | Reached skill level 5 in Conjurations
  8274 | D:6      | Reached * piety under Vehumet
  8274 | D:6      | Offered knowledge of Magic Dart by Vehumet.
  8579 | D:6      | Reached skill level 5 in Spellcasting
  8579 | D:6      | Reached XP level 9. HP: 45/45 MP: 8/16
  8723 | D:6      | Found a shadowy altar of Dithmenos.
  8724 | D:6      | Found a broken altar of Ashenzari.
  8869 | D:6      | Noticed Dowan
  8872 | D:6      | Noticed Duvessa
  8880 | D:6      | Killed Dowan
  8882 | D:6      | Killed Duvessa
  8883 | D:6      | Reached skill level 6 in Fire Magic
  9484 | D:7      | Found a stormy altar of Qazlal.
  9538 | D:7      | Found a flagged portal.
  9570 | Bailey   | Entered a bailey
 10041 | Bailey   | Offered knowledge of Shock by Vehumet.
 10055 | Bailey   | Reached skill level 5 in Dodging
 10055 | Bailey   | Reached skill level 7 in Fire Magic
 10055 | Bailey   | Reached ** piety under Vehumet
 10267 | Bailey   | Found an iron altar of Okawaru.
 10436 | D:7      | Learned a level 4 spell: Flame Wave
 10440 | D:7      | Learned a level 3 spell: Inner Flame
 10706 | D:7      | Reached XP level 10. HP: 44/50 MP: 1/18
 11204 | D:8      | Found a sand-covered staircase.
 11212 | Ossuary  | Entered an ossuary
 11308 | Ossuary  | Offered knowledge of Momentum Strike by Vehumet.
 11444 | Ossuary  | Reached *** piety under Vehumet
 11527 | D:8      | Reached skill level 8 in Fire Magic
 11924 | D:8      | Offered knowledge of Fulminant Prism by Vehumet.
 12607 | D:9      | Noticed a kobold demonologist
 12607 | D:9      | Noticed a kobold demonologist
 12609 | D:9      | Noticed a kobold demonologist
 12617 | D:9      | Killed a kobold demonologist
 12618 | D:9      | Noticed a rust devil
 12619 | D:9      | Killed a kobold demonologist
 12619 | D:9      | Killed a kobold demonologist
 13072 | D:9      | Upgraded the game from 0.31-a0-844-gdc52ec4e09 to
                  | 0.31-a0-845-g9abc20d24f
 13347 | D:9      | Reached skill level 9 in Fire Magic
 13637 | D:9      | Found a hide-covered altar of Uskayaw.
 13798 | D:9      | Reached **** piety under Vehumet
 13800 | D:9      | Reached XP level 11. HP: 39/54 MP: 16/21
 14015 | D:9      | Identified the +1 ring mail of Roifud {rPois rC++ Dex+2}
 14193 | D:9      | Found a shimmering blue altar of Sif Muna.
 14243 | D:10     | Entered Level 10 of the Dungeon
 14383 | D:10     | Found a staircase to the Orcish Mines.
 14387 | D:10     | Offered knowledge of Fireball by Vehumet.
 14933 | D:10     | Found Qeog Mits's Jewellery Shoppe.
 14934 | D:10     | Noticed a brown ugly thing
 14944 | D:10     | Killed a brown ugly thing
 14945 | D:10     | Reached skill level 10 in Fire Magic
 15284 | D:10     | Bought a ring of wizardry for 420 gold pieces
 15407 | D:10     | Found a portal to a secret trove of treasure.
 15716 | D:11     | Found a staircase to the Lair.
 16378 | D:11     | Noticed a boulder beetle
 16415 | D:11     | Killed a boulder beetle
 16665 | D:11     | Reached ***** piety under Vehumet
 16805 | D:11     | Offered knowledge of Iskenderun's Mystic Blast by Vehumet.
 17019 | D:11     | Noticed a two-headed ogre
 17028 | D:11     | Killed a two-headed ogre
 17151 | Lair:1   | Entered Level 1 of the Lair of Beasts
 17172 | Lair:1   | Reached XP level 12. HP: 59/59 MP: 20/23
 17252 | Lair:1   | Reached skill level 10 in Stealth
 17254 | Lair:1   | Reached skill level 11 in Fire Magic
 17850 | Lair:1   | Noticed Prince Ribbit
 17867 | Lair:1   | Killed Prince Ribbit
 19338 | Lair:2   | Found a hole to the Spider Nest.
 19358 | Lair:2   | Identified the +7 great sword of Foaprahy {freeze, Will+
                  | Stlth+}
 19706 | Lair:2   | Slain by a cane toad

Illustrated notes

Levels and vault maps discovered:
D:1:      spicycebolla_arrival_clurvy, layout_basic, minmay_misc_feat_tower,
          grunt_decor_cap
D:2:      layout_basic, serial_shops,
          nicolae_shop_temple_entry_statues_fountains, serial_forest,
          infiniplex_forest_end_3, infiniplex_forest_corner_1,
          infiniplex_forest_end_1, infiniplex_forest_lined_corner,
          infiniplex_forest_lined_ring, infiniplex_forest_zigzag_2,
          infiniplex_forest_lined_room_2, infiniplex_forest_lined_room_3,
          basic_altar, uniq_sigmund
D:3:      layout_rooms, gammafunk_ghost_arena, gup_sewer_entry_bowl
D:4:      layout_basic, old_standard_altar, minmay_temple_entry_poolview
D:5:      minmay_general_purpose_star, layout_basic, nicolae_sextant,
          kennysheep_generic_room_4, uniq_eustachio
D:6:      layout_loops_ring, okawaru_trees_2, nicolae_overflow_squiral,
          uniq_duvessa
D:7:      layout_cave_pools, grunt_qazlal_clouds, enter_bailey_5,
          nrook_pool_corridor
D:8:      layout_basic, chequers_ossuary_entry_cave, bh_walls_and_bars
D:9:      layout_irregular_city, nicolae_uskayaw_suspiria, tgw_sif,
          kennysheep_opposing_triangles
D:10:     layout_loops_cross, kennysheep_orc_monster_closet_entryway,
          nicolae_trove_entry_isolated, serial_shops, shop
D:11:     layout_roguey, minmay_lair_entry_grove
Temple:   bh_familiar_temple
Lair:1:   layout_gridlike, beast_lair_carwin_11, infiniplex_staircase_pool_2,
          uniq_prince_ribbit2
Lair:2:   layout_long_grid, minmay_shoals_entry_centaurs,
          nicolae_spider_entry_lesser_pyramids, grunt_megastairs_5

Skill      XL: |  1  2  3  4  5  6  7  8  9 10 11 12 |
---------------+-------------------------------------+-----
Dodging        | 2 3 4 5 6 7 |  7.5
Conjurations   | 2 3 4 5 6 7 8 9 |  9.4
Stealth        | 3 4 5 6 7 8 9 10 | 10.6
Spellcasting   | 3 4 5 6 7 8 |  8.1
Fire Magic     | 4 5 7 9 10 11 | 11.7

Action                     |  1- 3 |  4- 6 |  7- 9 | 10-12 || total
---------------------------+-------+-------+-------+-------++-------
  Melee: Unarmed           |     7 |       |       |       ||     7
         Whip              |     1 |       |       |       ||     1
         Spear             |       |    38 |    20 |       ||    58
         Morningstar       |       |       |    35 |    22 ||    57
   Cast: Foxfire           |    63 |   139 |   144 |   238 ||   584
         Scorch            |     2 |    22 |    85 |   102 ||   211
         Flame Wave        |       |       |       |    32 ||    32
  Evoke: Wand              |       |       |    20 |     8 ||    28
    Use: Scroll            |     1 |     1 |    13 |     7 ||    22
         Potion            |       |       |     5 |     8 ||    13
 Armour: Robe              |     9 |    36 |   147 |   230 ||   422
  Dodge: Dodged            |     9 |    37 |   159 |   200 ||   405
  Block: Other             |       |    12 |    63 |    75 ||   150
         Reflection        |       |       |     3 |     5 ||     8

Table legend: (Time is in decaauts)
 A = Elapsed time spent in this place.
 B = Non-inter-level travel time spent in this place.
 C = Inter-level travel time spent in this place.
 D = Time resting spent in this place.
 E = Time spent auto-exploring this place.
 F = Levels seen in this place.
 G = Mean time per level.
                   A        B        C        D        E       F      G
               +--------+--------+--------+--------+--------+-----+--------+
         Total |  19888 |  19373 |    515 |   4462 |  11598 |  17 | 1169.9 |
       Dungeon |  15356 |  14939 |    417 |   3266 |   9308 |  11 | 1396.0 |
        Temple |     81 |     47 |     34 |      0 |      0 |   1 |   81.0 |
          Lair |   2390 |   2327 |     63 |    693 |   1284 |   2 | 1195.0 |
         Sewer |   1030 |   1030 |      0 |      0 |    854 |   1 | 1030.0 |
       Ossuary |    291 |    291 |      0 |      3 |    135 |   1 |  291.0 |
        Bailey |    737 |    737 |      0 |    500 |     16 |   1 |  737.0 |
               +--------+--------+--------+--------+--------+-----+--------+

Top non-repeatable levels by time:
     D:4: 2045 daAuts
    D:10: 2038 daAuts
  Lair:1: 1915 daAuts
     D:9: 1819 daAuts
     D:2: 1550 daAuts
     D:6: 1544 daAuts
     D:5: 1393 daAuts
     D:8: 1157 daAuts
     D:1: 1134 daAuts
    D:11: 1054 daAuts
   Sewer: 1030 daAuts
     D:7: 820 daAuts
     D:3: 796 daAuts
  Bailey: 737 daAuts
  Lair:2: 475 daAuts
